 Dungeon Crawl Stone Soup version 0.30-a0-359-gd0147acb1a (webtiles) character file.

Game seed: 15304701282048145795

717 rocky1 the Carver (level 7, -7/49 (51) HPs)
             Began as a Merfolk Gladiator on Nov 13, 2022.
             Was an Initiate of Okawaru.
             Mangled by a wight
             ... wielding a +1 dire flail
              (8 damage)
             ... on level 6 of the Dungeon.
             The game lasted 00:09:13 (4886 turns).

rocky1 the Carver (Merfolk Gladiator)               Turns: 4886, Time: 00:09:14

HP:   -7/49 (51)    AC:  7    Str: 14    XL:     7   Next: 70%
MP:   7/7           EV: 12    Int:  7    God:    Okawaru [......]
Gold: 257           SH:  5    Dex: 18    Spells: 6/6 levels left

rFire   . . .      SeeInvis .    a - +0 long sword
rCold   . . .      Faith    .    q - +0 buckler
rNeg    . . .      Spirit   .    i - +0 ring mail
rPois   .          Reflect  .    c - +0 helmet
rElec   .          Harm     .    m - +0 cloak
rCorr   .          Rampage  .    (no gloves)
Will    .....                    (no boots)
Stlth   +.........               (no amulet)
HPRegen 0.28/turn                (no ring)
MPRegen 0.10/turn                (no ring)

@: lightly drained
A: (nimble swimmer 2), mertail
a: Renounce Religion


You were on level 6 of the Dungeon.
You worshipped Okawaru.
Okawaru was noncommittal.
You visited 2 branches of the dungeon, and saw 7 of its levels.

You collected 257 gold pieces.

Inventory:

Hand Weapons
 a - a +0 long sword (weapon)
Missiles
 d - 3 throwing nets
 e - a javelin
 k - 14 poisoned darts (quivered)
 y - 5 boomerangs
Armour
 c - a +0 helmet (worn)
 i - a +0 ring mail (worn)
 m - a +0 cloak (worn)
 q - a +0 buckler (worn)
Scrolls
 g - 2 scrolls of amnesia {unknown}
 h - 4 scrolls of magic mapping {unknown}
 p - 2 scrolls of identify {unknown}
 r - 2 scrolls of enchant armour {unknown}
 s - 2 scrolls of teleportation {unknown}
 v - 4 scrolls of fear {unknown}
 w - 2 scrolls of enchant weapon {unknown}
 x - a scroll of immolation {unknown}
 B - a scroll of vulnerability {unknown}
Potions
 b - 3 potions of curing {unknown}
 f - a potion of resistance
 j - a potion of attraction
 l - 2 potions of haste {unknown}
 n - a potion of degeneration {unknown}
 o - a potion of heal wounds {unknown}
 t - a potion of ambrosia
 u - a potion of might {unknown}
 z - a potion of brilliance {unknown}
 A - 2 potions of flight {unknown}


   Skills:
 - Level 2.3 Fighting
 * Level 9.1 Long Blades
 - Level 2.1 Throwing
 - Level 0.1 Armour
 - Level 4.2 Dodging
 - Level 0.2 Stealth
 + Level 3.7 Shields


You had 6 spell levels left.
You didn't know any spells.
Your spell library contained the following spells:

 Spells                   Type           Power      Damage    Failure   Level
 Beastly Appendage        Tmut           0%         N/A       78%         1
 Wereblood                Tmut           0%         N/A       89%         2
 Kindle Blastsparks       Fire/Tloc/Air  0%         2d10      98%         3
 Spider Form              Tmut/Pois      0%         N/A       98%         3
 Fulminant Prism          Conj/Hex       0%         3d5       100%        4
 Iskenderun's Mystic Bla  Conj/Tloc      0%         2d3       100%        4
 Blade Hands              Tmut           0%         N/A       100%        5
 Irradiate                Conj/Tmut      0%         3d11      100%        5
 Lee's Rapid Deconstruct  Erth           0%         3d4*      100%        5
 Dragon Form              Tmut           0%         N/A       100%        7


Dungeon Overview and Level Annotations

Branches:
Dungeon (6/15)             Temple (1/1) D:5

Altars:
Cheibriados
Dithmenos
Fedhas
Gozag
Hepliaklqana
Kikubaaqudgha
Makhleb
Nemelex Xobeh
Okawaru
Qazlal
Sif Muna
Trog
Uskayaw
Vehumet
Wu Jian
Xom
Yredelemnul
Zin
The Shining One

Portals:
Abyss: D:3

Annotations:
D:2 Sigmund
D:3 2 transporters, sirJeffrey23's ghost, amateur FoFi


Innate Abilities, Weirdness & Mutations

((You are very nimble when in or above water. (Stealth+, EV+, Speed+++)))
Your lower body shifts to a powerful aquatic tail in water.


Message History

You barely miss the wight.
The wight is moderately damaged.
The wight hits you but does no damage.
You hit the wight but do no damage.
The wight is moderately damaged.
The wight barely misses you.
You slash the wight!
The wight is severely damaged.
The bullfrog hits you.
You hit the wight.
The wight is almost destroyed.
You block the bullfrog's attack. The wight misses you. The bullfrog hits you.
You closely miss the wight.
The wight is almost destroyed.
The wight hits you with a +0 dire flail.
The bullfrog hits you.
You closely miss the wight.
The wight is almost destroyed.
The bullfrog barely misses you.
The wight hits you with a +0 dire flail.
You block the bullfrog's attack.
You hit the wight.
You destroy the wight!
Okawaru accepts your kill. The bullfrog misses you.
Your Long Blades skill increases to level 9!
Unknown command.
You slash the wight!
The wight is severely damaged.
The bullfrog barely misses you.
The wight hits you with a +1 dire flail!
* * * LOW HITPOINT WARNING * * *
You feel drained.
* * * LOW HITPOINT WARNING * * *
The bullfrog hits you.
* * * LOW HITPOINT WARNING * * *
The wight closely misses you. The bullfrog barely misses you.
The wight hits you with a +1 dire flail!
You die...

#..##
###....
.#...#
....#
....
..# #z#
#@#
#zF..#
#.#.#.#
#....##
# #.#
..# ###


You could see a bullfrog and 2 wights.

Vanquished Creatures
  2 black bears
  An ice beast (D:5)
  An ogre (D:4)
  A necrophage (D:5)
  A wight (D:6)
  A hound (D:5)
  A jelly (D:4)
  2 orc wizards (D:4)
  2 adders
  A dart slug (D:5)
  3 worms
  13 orcs
  9 ball pythons
  8 endoplasms
  A giant cockroach (D:3)
  7 hobgoblins
  4 jackals (D:1)
  6 kobolds
  2 quokkas
  6 bats
  3 frilled lizards
  7 goblins
  6 rats
88 creatures vanquished.

Notes
Turn   | Place    | Note
-------+----------+-------------------------------------------
     0 | D:1      | rocky1 the Merfolk Gladiator began the quest for the Orb.
     0 | D:1      | Reached XP level 1. HP: 16/16 MP: 1/1
    33 | D:1      | Reached XP level 2. HP: 23/23 MP: 2/2
   163 | D:1      | Reached skill level 4 in Long Blades
   440 | D:1      | Reached XP level 3. HP: 21/28 MP: 3/3
  1185 | D:2      | Reached skill level 5 in Long Blades
  1201 | D:2      | Noticed Sigmund
  1241 | D:3      | Reached XP level 4. HP: 27/34 MP: 4/4
  1409 | D:3      | Found a transporter.
  1430 | D:3      | Found a one-way gate to the infinite horrors of the Abyss.
  1430 | D:3      | Noticed sirJeffrey23's ghost (amateur FoFi)
  1486 | D:3      | Found a transporter.
  1738 | D:3      | Found an ornate altar of the Wu Jian Council.
  1738 | D:3      | Found a radiant altar of Vehumet.
  2000 | D:5      | Entered Level 5 of the Dungeon
  2080 | D:4      | Noticed a black bear
  2093 | D:4      | Killed a black bear
  2094 | D:4      | Reached skill level 6 in Long Blades
  2094 | D:4      | Reached skill level 1 in Shields
  2094 | D:4      | Reached XP level 5. HP: 5/39 MP: 5/5
  2485 | D:4      | Reached skill level 7 in Long Blades
  2688 | D:4      | Reached XP level 6. HP: 45/45 MP: 6/6
  2862 | D:4      | Found a hazy altar of Hepliaklqana.
  2863 | D:4      | Found a sparkling altar of Nemelex Xobeh.
  3212 | D:4      | Found a shimmering blue altar of Sif Muna.
  3570 | D:5      | Noticed a black bear
  3579 | D:5      | Killed a black bear
  3580 | D:5      | Reached skill level 8 in Long Blades
  3580 | D:5      | Reached XP level 7. HP: 43/51 MP: 7/7
  3656 | D:5      | Found a bloodstained altar of Trog.
  3658 | D:5      | Found a bloodstained altar of Trog.
  3658 | D:5      | Found a shimmering altar of Xom.
  3660 | D:5      | Found a snail-covered altar of Cheibriados.
  3660 | D:5      | Found a stormy altar of Qazlal.
  3660 | D:5      | Found a shimmering altar of Xom.
  4171 | D:5      | Found a staircase to the Ecumenical Temple.
  4181 | Temple   | Entered the Ecumenical Temple
  4524 | Temple   | Became a worshipper of Warmaster Okawaru
  4885 | D:6      | Reached skill level 9 in Long Blades
  4885 | D:6      | HP: 1/49 [bullfrog (3)]
  4886 | D:6      | Mangled by a wight

Illustrated notes

Levels and vault maps discovered:
D:1:      saegor_arrival_simple_a, layout_basic
D:2:      layout_rooms, serial_rivers, chequers_serial_rivers_small_3,
          chequers_serial_rivers_micro_e, chequers_serial_rivers_large_a,
          chequers_serial_rivers_micro_b, chequers_serial_rivers_room_b,
          chequers_serial_rivers_micro_b, uniq_sigmund, uniq_terence
D:3:      layout_basic, jmf_multi_god_temple, gammafunk_ghost_abyssal_escape
D:4:      layout_loops_ring, mainiacjoe_overflow_alcove_4,
          nicolae_overflow_two_pavilions, dk_noncrumbling_4
D:5:      layout_cave_pods, doesnt_xom_only_xom, lemuel_temple_firewalk_b
D:6:      layout_loops_ring, nicolae_ru_awakened_eye, kennysheep_generic_room_5
Temple:   minmay_temple_forest_path

Skill      XL: |  1  2  3  4  5  6  7 |
---------------+----------------------+-----
Long Blades    | 4 5 6 7 8 9 |  9.1
Shields        | 1 3 |  3.7
Fighting       | |  2.3
Throwing       | |  2.1
Armour         | |  0.1
Dodging        | |  4.2
Stealth        | |  0.2

Action                   |  1- 3 |  4- 6 |  7- 9 || total
-------------------------+-------+-------+-------++-------
Melee: Long sword        |   143 |   166 |    36 ||   345
       Tailslap          |     2 |       |       ||     2
  Use: Potion            |       |     3 |       ||     3
 Stab: Sleeping          |     1 |       |       ||     1
Armor: Leather armour    |    24 |       |       ||    24
       Ring mail         |    34 |    68 |    14 ||   116
Dodge: Dodged            |   133 |    87 |    12 ||   232
Block: Buckler           |    11 |    36 |     4 ||    51

Table legend: (Time is in decaauts)
 A = Elapsed time spent in this place.
 B = Non-inter-level travel time spent in this place.
 C = Inter-level travel time spent in this place.
 D = Time resting spent in this place.
 E = Time spent auto-exploring this place.
 F = Levels seen in this place.
 G = Mean time per level.
                   A        B        C        D        E       F      G
               +--------+--------+--------+--------+--------+-----+--------+
         Total |   4900 |   4735 |    165 |    532 |   3020 |   7 |  700.0 |
       Dungeon |   4513 |   4402 |    111 |    532 |   2703 |   6 |  752.2 |
        Temple |    386 |    332 |     54 |      0 |    317 |   1 |  386.0 |
               +--------+--------+--------+--------+--------+-----+--------+

Top non-repeatable levels by time:
     D:4: 1363 daAuts
     D:5: 1118 daAuts
     D:1: 992 daAuts
     D:3: 794 daAuts
  Temple: 386 daAuts
     D:2: 233 daAuts
     D:6: 11 daAuts
